 Dungeon Crawl Stone Soup version 0.30-a0-329-g85436e0a43 (webtiles) character file.

Game seed: 7795610996414053219

6842 funkygono the Arsonist (level 11, 0/57 HPs)
             Began as a Gargoyle Fire Elementalist on Oct 28, 2022.
             Was a Believer of Vehumet.
             Killed from afar by a gargoyle (18 damage)
             ... with a stone arrow
             ... on level 10 of the Dungeon.
             The game lasted 00:15:42 (9854 turns).

funkygono the Arsonist (Gargoyle Fire Elementalist) Turns: 9854, Time: 00:15:43

Health: 0/57       AC: 16    Str: 15    XL:     11   Next: 5%
Magic:  29/34      EV: 12    Int: 21    God:    Vehumet [**....]
Gold:   447        SH:  0    Dex: 10    Spells: 12/30 levels left

rFire   x . .      SeeInvis .    u - +6 shillelagh "Devastator" {shatter}
rCold   + . .      Faith    .    (no shield)
rNeg    + . .      Spirit   .    a - +1 robe
rPois   ∞          Reflect  .    (no helmet)
rElec   +          Harm     .    (no cloak)
rCorr   .          Rampage  .    I - +3 pair of gauntlets of War {Slay+5}
Will    +....                    M - +0 pair of boots
Stlth   ++........               (no amulet)
HPRegen 0.29/turn                d - ring of magical power
MPRegen 0.24/turn                t - ring of Irrepressible Laughter {Ice Will+ Str+4}

@: no status effects
A: sickness immunity, AC +8, negative energy resistance 1, electricity
resistance, torment resistance 1, petrification resistance
a: Renounce Religion


You were on level 10 of the Dungeon.
You worshipped Vehumet.
Vehumet was pleased with you.
You visited 2 branches of the dungeon, and saw 11 of its levels.

You collected 655 gold pieces.
You spent 208 gold pieces at shops.

Inventory:

Hand Weapons
 j - a +0 whip
 u - the +6 shillelagh "Devastator" (weapon) {shatter}
   (You found it on level 5 of the Dungeon)

   It releases a powerful concussive burst when it strikes, dealing extra damage
   to the target and all other foes adjacent to them.
 y - a +2 morningstar of draining
 F - a +2 quarterstaff of speed
 H - a +3 flail of holy wrath
Missiles
 J - 2 throwing nets
Armour
 a - a +1 robe (worn)
 r - a +0 pair of gloves
 I - the +3 pair of gauntlets of War (worn) {Slay+5}
   (You found it on level 8 of the Dungeon)

   Slay:      It affects your accuracy & damage with ranged weapons and melee
   (+5).
 M - a +0 pair of boots (worn)
 N - a +2 buckler
Jewellery
 d - a ring of magical power (left hand)
 h - a ring of willpower
 t - the ring of Irrepressible Laughter (right hand) {Ice Will+ Str+4}
   (You bought it in a shop on level 2 of the Dungeon)

   [ring of ice]

   It enhances your ice magic.
   Str:       It affects your strength (+4).
   rF:        It makes you vulnerable to fire.
   rC:        It protects you from cold.
   Will:      It increases your willpower.
 z - a ring of ice
 A - a ring of positive energy
 C - a +4 ring of evasion
 O - a +4 ring of protection
Wands
 f - a wand of paralysis (20)
 m - a wand of mindburst (8)
 s - a wand of light (11)
 v - a wand of flame (26)
Scrolls
 i - 9 scrolls of teleportation
 B - a scroll of magic mapping
 D - a scroll of poison
 K - a scroll of summoning
 L - a scroll of butterflies {unknown}
Potions
 b - 2 potions of magic
 c - 8 potions of curing
 e - 2 potions of berserk rage
 g - 2 potions of mutation
 k - 2 potions of might
 l - 3 potions of heal wounds
 n - a potion of invisibility
 o - a potion of ambrosia
 p - 2 potions of haste
 q - a potion of cancellation
 w - a potion of attraction {unknown}
 x - a potion of resistance {unknown}
 E - a potion of degeneration {unknown}
 G - a potion of brilliance {unknown}


   Skills:
 + Level 1.8 Fighting
 + Level 0.5 Maces & Flails
 + Level 2.4 Dodging
 + Level 3.6 Stealth
 * Level 10.2 Spellcasting
 * Level 7.1 Conjurations
 * Level 10.3 Fire Magic
 * Level 1.0 Air Magic
 * Level 0.5 Earth Magic


You had 12 spell levels left.
You knew the following spells:

 Your Spells              Type           Power      Damage    Failure   Level
a - Foxfire               Conj/Fire      100%       2x1d9     1%          1
b - Scorch                Fire           100%       2d10      1%          2
c - Kindle Blastsparks    Fire/Tloc/Air  52%        2d14      4%          3
d - Flame Wave            Conj/Fire      47%        2d12      1%          4
e - Blink                 Tloc           20%        N/A       10%         2
f - Sandblast             Erth           26%        2d8       4%          1
g - Lightning Bolt        Conj/Air       13%        1d27      32%         5

Your spell library contained the following spells:

 Spells                   Type           Power      Damage    Failure   Level
 Freeze                   Ice            64%        1d7       6%          1
 Kiss of Death            Conj/Necr      100%       2d13      1%          1
 Static Discharge         Conj/Air       54%        2-5/arc   1%          2
 Sticky Flame             Conj/Fire      47%        2d6       1%          4
 Inner Flame              Hex/Fire       32%        N/A       2%          3
 Apportation              Tloc           20%        N/A       6%          1
 Passwall                 Tmut/Erth      9%         N/A       9%          2
 Ensorcelled Hibernation  Hex/Ice        32%        N/A       10%         2
 Swiftness                Air            15%        N/A       13%         3
 Vhi's Electric Charge    Tloc/Air       24%        N/A       16%         3
 Confusing Touch          Hex            10%        N/A       19%         3
 Arcjolt                  Conj/Air       13%        1d23      32%         5
 Summon Lightning Spire   Summ/Air       12%        N/A       45%         4
 Dispel Undead            Necr           10%        3d9       54%         4
 Manifold Assault         Tloc           10%        N/A       54%         4
 Summon Ice Beast         Ice/Summ       16%        N/A       54%         4
 Malign Gateway           Summ/Tloc      5%         N/A       100%        7
 Summon Horrible Things   Summ           5%         N/A       100%        8


Dungeon Overview and Level Annotations

Branches:
Dungeon (10/15)            Temple (1/1) D:6
   Lair: D:8-11         Orc: D:9-12

Altars:
Ashenzari
Cheibriados
Dithmenos
Elyvilon
Fedhas
Gozag
Hepliaklqana
Kikubaaqudgha
Makhleb
Nemelex Xobeh
Okawaru
Qazlal
Ru
Sif Muna
Trog
Uskayaw
Vehumet
Wu Jian
Xom
Yredelemnul
Zin
The Shining One

Shops:
D:2 *[[*?


Innate Abilities, Weirdness & Mutations

You are immune to sickness and miasma.
Your stone body is resilient. (AC +8)
You are immune to poison.
You resist negative energy. (rN+)
You are resistant to electric shocks. (rElec)
You are resistant to unholy torment.
You are immune to petrification.


Message History

Confirm with . or Enter, or press ? or * to list all spells.
The spell is quite dangerous to miscast (32% risk of failure)!
Continue anyway?
Okay, then.
Casting: Lightning Bolt (quite dangerous; 32% risk of failure)
Confirm with . or Enter, or press ? or * to list all spells.
Aiming: Sandblast (safe; 4% risk of failure)
Press: ? - help, Shift-Dir - straight line, f - gargoyle
Aim: a gargoyle, wielding a +0 flail (ally target, 91% to hit)
The blast of sand hits the gargoyle but does no damage.
The foxfire hits the gargoyle but does no damage.
Unknown command.
Casting: Sandblast (safe; 4% risk of failure)
Confirm with . or Enter, or press ? or * to list all spells.
Aiming: Sandblast (safe; 4% risk of failure)
Press: ? - help, Shift-Dir - straight line, f/p - gargoyle
Aim: a gargoyle, wielding a +0 flail (91% to hit)
The blast of sand hits the gargoyle but does no damage.
Your foxfire dissipates!
Casting: Sandblast (safe; 4% risk of failure)
Confirm with . or Enter, or press ? or * to list all spells.
Aiming: Sandblast (safe; 4% risk of failure)
Press: ? - help, Shift-Dir - straight line, f/p - gargoyle
Aim: a gargoyle, wielding a +0 flail (91% to hit)
The blast of sand hits the gargoyle but does no damage.
The gargoyle hits you with a +0 flail! x2
Unknown command.
You barely miss the gargoyle.
The gargoyle hits you but does no damage.
Unknown command.
You closely miss the gargoyle.
The gargoyle hurls a stone arrow at you.
The stone arrow hits you!
Casting: Sandblast (safe; 4% risk of failure)
Confirm with . or Enter, or press ? or * to list all spells.
Flames lash the gargoyle.
The gargoyle is lightly damaged.
The gargoyle's fire resistance burns away.
The gargoyle hurls a stone arrow at you.
The stone arrow hits you!!
You die...

#......# #......#
#......#
##############......#
.............'......#
##############......#
#......# #......#
#..@...# ###9#### #..
.... ..... ?.....#
......# #......#


You could see a gargoyle (combustible).

Vanquished Creatures
  A two-headed ogre (D:9)
  A wizard (D:8)
  The ghost of ma3 the Slicer, a novice SpBr of Dithmenos (D:8)
  Joseph (D:8)
  A troll (D:10)
  A hornet (D:9)
  6 yaks
  A water moccasin (D:7)
  3 orc warriors
  An ice beast (D:5)
  2 sky beasts
  3 wolves (D:10)
  2 centaurs (D:9)
  A kobold brigand (D:6)
  2 necrophages
  3 bullfrogs
  A gnoll sergeant (D:6)
  3 scorpions
  7 wights
  17 killer bees
  5 howler monkeys
  2 electric eels (D:10)
  A gnoll bouda (D:9)
  5 hounds
  4 orc priests
  5 iguanas
  4 orc wizards
  7 gnolls
  8 adders
  2 ufetubi (D:7)
  2 worms (D:3)
  26 orcs
  2 ball pythons
  2 bat zombies (D:4)
  4 endoplasms
  2 giant cockroaches
  3 goblins
  5 hobgoblins
  10 kobolds
  6 quokkas
  2 bats (D:2)
  3 frilled lizards
  2 rats
  A rat zombie (D:4)
171 creatures vanquished.

Vanquished Creatures (others)
  548 foxfires
548 creatures vanquished.

Grand Total: 719 creatures vanquished

Notes
Turn   | Place    | Note
-------+----------+-------------------------------------------
     0 | D:1      | funkygono the Gargoyle Fire Elementalist began the quest
                  | for the Orb.
     0 | D:1      | Reached XP level 1. HP: 10/10 MP: 3/3
   287 | D:1      | Reached XP level 2. HP: 15/15 MP: 1/5
   290 | D:1      | Learned a level 2 spell: Scorch
  1161 | D:2      | Reached XP level 3. HP: 15/19 MP: 1/6
  1165 | D:2      | Learned a level 3 spell: Kindle Blastsparks
  1371 | D:2      | Found a faded altar of an unknown god.
  1408 | D:2      | Found Qaqoupp's Magic Scroll Boutique.
  1462 | D:2      | Found Faitryschi's Assorted Antiques.
  1503 | D:2      | Found Popnuciush's Armour Shop.
  1517 | D:2      | Found Joak's Armour Shop.
  1734 | D:2      | Found Coushril's General Store.
  2115 | D:3      | Reached XP level 4. HP: 24/24 MP: 3/7
  2596 | D:3      | Found a white marble altar of Elyvilon.
  2932 | D:2      | Bought a +0 pair of gloves for 63 gold pieces
  3161 | D:4      | Got Kuinecov's Essays on the Unified Traveller
  3165 | D:4      | Learned a level 2 spell: Blink
  3232 | D:4      | Reached XP level 5. HP: 28/28 MP: 5/9
  3925 | D:4      | Found an ancient bone altar of Kikubaaqudgha.
  4023 | D:2      | Bought a glittering silver ring for 145 gold pieces
  4023 | D:2      | Identified the ring of Irrepressible Laughter {Ice Will+
                  | Str+4} (You bought it in a shop on level 2 of the Dungeon)
  4078 | D:5      | Entered Level 5 of the Dungeon
  4078 | D:5      | Noticed an ice beast
  4085 | D:5      | Killed an ice beast
  4086 | D:5      | Reached XP level 6. HP: 32/32 MP: 9/11
  4170 | D:5      | Reached skill level 5 in Fire Magic
  4360 | D:5      | Found the +6 shillelagh "Devastator" {shatter}
  4787 | D:5      | Learned a level 4 spell: Flame Wave
  4820 | D:5      | Reached XP level 7. HP: 36/36 MP: 13/13
  5101 | D:5      | Reached skill level 5 in Spellcasting
  5619 | D:6      | Reached XP level 8. HP: 42/42 MP: 16/16
  5669 | D:6      | Found a staircase to the Ecumenical Temple.
  5818 | Temple   | Entered the Ecumenical Temple
  5844 | Temple   | Became a worshipper of Vehumet
  6711 | D:7      | Reached XP level 9. HP: 46/46 MP: 19/19
  6849 | D:7      | Found an iron altar of Okawaru.
  6870 | D:7      | Reached skill level 1 in Fighting
  7458 | D:8      | Reached skill level 5 in Conjurations
  7583 | D:8      | Noticed ma3's ghost (novice SpBr)
  7587 | D:8      | Found a runed translucent door.
  7625 | D:8      | Noticed Joseph
  7634 | D:8      | Killed Joseph
  7634 | D:8      | Reached * piety under Vehumet
  7634 | D:8      | Offered knowledge of Sandblast by Vehumet.
  7637 | D:8      | Learned a level 1 spell: Sandblast
  7830 | D:8      | Found the +3 pair of gauntlets of War {Slay+5}
  7833 | D:8      | Noticed a wizard
  7841 | D:8      | Killed a wizard
  7842 | D:8      | Reached XP level 10. HP: 52/52 MP: 22/22
  8105 | D:8      | Found a sparkling altar of Nemelex Xobeh.
  8163 | D:8      | Killed ma3's ghost
  8364 | D:9      | Noticed a two-headed ogre
  8370 | D:9      | Killed a two-headed ogre
  8578 | D:9      | Got the Compendium of the Planar Legion
  8891 | D:9      | Reached skill level 10 in Spellcasting
  8891 | D:9      | Reached skill level 10 in Fire Magic
  9509 | D:8      | Learned a level 5 spell: Lightning Bolt
  9545 | D:10     | Entered Level 10 of the Dungeon
  9664 | D:10     | Reached XP level 11. HP: 54/57 MP: 20/25
  9702 | D:10     | Reached ** piety under Vehumet
  9702 | D:10     | Offered knowledge of Freeze by Vehumet.
  9745 | D:10     | Reached skill level 1 in Air Magic
  9854 | D:10     | Killed from afar by a gargoyle

Illustrated notes

Levels and vault maps discovered:
D:1:      dpeg_arrival_pits, layout_basic, st_stairs_12
D:2:      layout_loops_cross, basic_ecumenical_altar, serial_shops,
          nicolae_shop_behind_doors, shop, shop, nicolae_shop_behind_doors,
          nicolae_shop_behind_doors
D:3:      layout_loops_ring, elyvilon_altar_1
D:4:      layout_loops_ring, lemuel_zombie_altar_kikubaaqudgha
D:5:      layout_loops_ring
D:6:      layout_cave_pools, minmay_temple_entry_slanted
D:7:      layout_rooms, okawaru_ov_weapons_minmay
D:8:      cheibrodos_wizards_tower, layout_cave_pools,
          nemelex_spade_bored_becter, hellmonk_ghost_happy_afterlife,
          uniq_joseph
D:9:      layout_stronghold
D:10:     layout_roguey, erik_lair_island
Temple:   compressed_dpeg_circular_temple

Skill      XL: |  1  2  3  4  5  6  7  8  9 10 11 |
---------------+----------------------------------+-----
Conjurations   | 2 3 4 6 7 |  7.1
Spellcasting   | 3 4 5 7 8 10 | 10.2
Fire Magic     | 4 5 6 7 8 10 | 10.3
Stealth        | 3 |  3.6
Dodging        | 2 |  2.4
Fighting       | 1 |  1.8
Air Magic      | 1 |  1.0
Maces & Flails | |  0.5
Earth Magic    | |  0.5

Action                   |  1- 3 |  4- 6 |  7- 9 | 10-12 || total
-------------------------+-------+-------+-------+-------++-------
Melee: Club              |     1 |       |       |       ||     1
       Whip              |       |     8 |       |       ||     8
       Shillelagh        |       |     1 |     5 |     7 ||    13
 Cast: Foxfire           |    52 |    50 |   149 |    62 ||   313
       Scorch            |       |    30 |    37 |    25 ||    92
       Flame Wave        |       |       |     6 |     6 ||    12
       Sandblast         |       |       |       |     3 ||     3
  Use: Scroll            |       |     7 |     6 |     6 ||    19
       Potion            |       |       |     2 |       ||     2
Armor: Robe              |       |    12 |    23 |    27 ||    62
Dodge: Dodged            |     4 |    17 |    65 |    23 ||   109

Table legend: (Time is in decaauts)
 A = Elapsed time spent in this place.
 B = Non-inter-level travel time spent in this place.
 C = Inter-level travel time spent in this place.
 D = Time resting spent in this place.
 E = Time spent auto-exploring this place.
 F = Levels seen in this place.
 G = Mean time per level.
                   A        B        C        D        E       F      G
               +--------+--------+--------+--------+--------+-----+--------+
         Total |   9863 |   9226 |    637 |    459 |   7662 |  11 |  896.6 |
       Dungeon |   9773 |   9152 |    621 |    459 |   7609 |  10 |  977.3 |
        Temple |     89 |     74 |     15 |      0 |     53 |   1 |   89.0 |
               +--------+--------+--------+--------+--------+-----+--------+

Top non-repeatable levels by time:
     D:5: 1329 daAuts
     D:9: 1289 daAuts
     D:1: 1103 daAuts
     D:3: 1061 daAuts
     D:4: 1022 daAuts
     D:8: 980 daAuts
     D:6: 942 daAuts
     D:2: 892 daAuts
     D:7: 840 daAuts
    D:10: 312 daAuts
  Temple: 89 daAuts
